 Dungeon Crawl Stone Soup version 0.29-a0-362-g5854e031c7 (webtiles) character file.

Game seed: 6658691425345602709

4041 dolemite99 the Severer (level 10, -17/77 HPs)
             Began as a Hill Orc Fighter on Apr 30, 2022.
             Was a Priest of Okawaru.
             Killed from afar by an efreet (28 damage)
             ... with a fireball
             ... on level 8 of the Dungeon.
             The game lasted 00:14:01 (8915 turns).

dolemite99 the Severer (Hill Orc Fighter)           Turns: 8915, Time: 00:14:02

Health: -17/77     AC: 23    Str: 22    XL:     10   Next: 24%
Magic:  8/10       EV:  9    Int:  8    God:    Okawaru [***...]
Gold:   290        SH:  8    Dex: 17    Spells: 9/9 levels left

rFire   . . .      SeeInvis +   a - +1 war axe (freeze)
rCold   . . .      Faith    .   c - +0 buckler
rNeg    . . .      Spirit   .   G - +0 plate armour
rPois   .          Reflect  .   p - +4 hat "Maoxze" {rElec SInv}
rElec   +          Harm     .   v - +1 cloak {Will+}
rCorr   .          Rampage  .   (no gloves)
Will    ++...                   r - +2 pair of boots "Deileu" {Dex+5}
Stlth   ..........              (no amulet)
HPRegen 0.22/turn               n - ring of willpower
MPRegen 0.12/turn               (no ring)

@: heroic
A: no striking features
a: Renounce Religion, Heroism


You were on level 8 of the Dungeon.
You worshipped Okawaru.
Okawaru was most pleased with you.
You visited 1 branch of the dungeon, and saw 8 of its levels.

You collected 290 gold pieces.

Inventory:

Hand Weapons
 a - a +1 war axe of freezing (weapon)
 b - a +2 demon whip of venom
 w - a +0 spear of venom
 I - a +1 flail of holy wrath
Missiles
 q - 202 stones (quivered)
Armour
 c - a +0 buckler (worn)
 j - a +0 chain mail
 p - the +4 hat "Maoxze" (worn) {rElec SInv}
   (You acquired it on level 2 of the Dungeon)

   rElec:     It insulates you from electricity.
   SInv:      It lets you see invisible.
 r - the +2 pair of boots "Deileu" (worn) {Dex+5}
   (You acquired it on level 2 of the Dungeon)

   Dex:       It affects your dexterity (+5).
 s - the +0 helmet "Wetteteh" {rN+ rCorr Int+2}
   (You acquired it on level 2 of the Dungeon)

   Int:       It affects your intelligence (+2).
   rN:        It protects you from negative energy.
   rCorr:     It protects you from acid and corrosion.
 v - a +1 cloak of willpower (worn)
 G - a +0 plate armour (worn)
Magical Staves
 L - a staff of cold
Jewellery
 f - a ring of ice
 i - a ring of positive energy
 n - a ring of willpower (left hand)
 C - a ring of ice
Wands
 B - a wand of polymorph (9)
 E - a wand of acid (20)
Scrolls
 k - 6 scrolls of immolation
 l - a scroll of vulnerability
 m - 2 scrolls of torment
 o - 2 scrolls of fear
 t - 3 scrolls of noise
 x - 2 scrolls of amnesia
 y - a scroll of brand weapon
 H - a scroll of blinking
Potions
 e - 2 potions of mutation {unknown}
 g - 3 potions of attraction
 h - a potion of cancellation
 u - 3 potions of curing
 z - 2 potions of degeneration {unknown}
 A - a potion of flight {unknown}
 D - a potion of berserk rage {unknown}
 F - a potion of brilliance {unknown}
 K - a potion of magic {unknown}


   Skills:
 - Level 3.6(8.6) Fighting
 - Level 16.1(21.1) Axes
 - Level 3.2(8.2) Armour
 + Level 8.8(13.8) Shields


You had 9 spell levels left.
You didn't know any spells.
Your spell library contained the following spells:

 Spells                   Type           Power      Damage    Failure   Level
 Sandblast                Erth           0%         2d4       100%        1
 Passwall                 Tmut/Erth      0%         N/A       100%        2
 Sublimation of Blood     Necr           0%         N/A       100%        2
 Wereblood                Tmut           0%         N/A       100%        2
 Stone Arrow              Conj/Erth      0%         3d7       100%        3
 Leda's Liquefaction      Hex/Erth       0%         N/A       100%        4
 Fireball                 Conj/Fire      0%         3d3       100%        5
 Iskenderun's Battlesphe  Conj           0%         2d6       100%        5
 Lee's Rapid Deconstruct  Erth           0%         3d5*      100%        5
 Conjure Ball Lightning   Conj/Air       0%         3x3d6     100%        6
 Statue Form              Tmut/Erth      0%         N/A       100%        6
 Orb of Destruction       Conj           0%         9d5       100%        7
 Storm Form               Tmut/Air       0%         N/A       100%        7
 Maxwell's Capacitive Co  Air            0%         ∞         100%        8
 Summon Lightning Spire   Summ/Air       Unusable   N/A       N/A         4
 Summon Hydra             Summ           Unusable   N/A       N/A         7

Dungeon Overview and Level Annotations

Branches:
Dungeon (8/15)             Temple (0/1) D:6
   Lair: D:8-11

Altars:
Cheibriados
Okawaru
Zin


Message History

You completely miss the bullfrog.
The bullfrog hits you but does no damage.
You slash the bullfrog!
The bullfrog seems to slow down.
You freeze the bullfrog.
The bullfrog is heavily wounded.
You block the bullfrog's attack.
Okay, then.
You slash the bullfrog! You freeze the bullfrog.
You kill the bullfrog!
Okawaru accepts your kill.
You hit the efreet but do no damage. You hit the efreet. You freeze the efreet.
The efreet is lightly wounded.
You block the efreet's attack.
You hit the efreet. You freeze the efreet.
The efreet is moderately wounded.
The efreet hits you with a +2 scimitar of flaming.
The efreet burns you.
You hit the efreet but do no damage.
The efreet is moderately wounded.
You hit the efreet. You freeze the efreet.
The efreet is heavily wounded.
A sky beast comes into view.
The efreet gestures at you. The bolt of fire hits you!!
* * * LOW HITPOINT WARNING * * *
You slash the efreet! You freeze the efreet.
The efreet is severely wounded.
The efreet gestures at you. The bolt of fire hits you.
* * * LOW HITPOINT WARNING * * *
You gain the combat prowess of a mighty hero.
The efreet hits you with a +2 scimitar of flaming.
* * * LOW HITPOINT WARNING * * *
The efreet burns you.
* * * LOW HITPOINT WARNING * * *
You feel better. The efreet gestures at you.
The fireball explodes!
The fireball engulfs you!!
You die...

#..○○..##
##.○....###. ..#
#..°........♣.#
##.○..... #Y♣.#
Y☼... #.♣.# ##○.#
#.♣.# #..☼##
#...# ##..○.#
#...# #...○.#
#.≈@# #..##○##
#.R.# #...##.R##
#.≈.#
#..###...###.≈.#
#... #.....##...#
#... #..##.☼#...#
....#...###..._.#
#..#....##
##....# ##..#
#.......#


You could see an efreet and a sky beast.

Vanquished Creatures
  Amaemon (D:8)
  An orange demon (D:8)
  A komodo dragon (D:8)
  A vampire (D:6)
  Edmund (D:4)
  3 water moccasins
  2 orc warriors
  An ice beast (D:6)
  A sky beast (D:6)
  A black bear (D:4)
  An ogre (D:6)
  3 phantoms
  2 centaurs
  A kobold brigand (D:8)
  4 bullfrogs
  A necrophage (D:4)
  3 scorpions
  A howler monkey (D:8)
  2 jellies (D:6)
  2 hounds
  An orc priest (D:5)
  A gnoll shaman (D:7)
  Jessica (D:2)
  3 iguanas
  10 orc wizards
  6 gnolls
  12 adders
  2 white imps
  3 worms (D:5)
  4 dart slugs
  30 orcs
  5 endoplasms
  4 giant cockroaches
  8 goblins
  9 hobgoblins
  9 jackals
  4 quokkas
  6 ball pythons
  8 bats
  2 frilled lizards
  6 kobolds
  4 rats
171 creatures vanquished.

Notes
Turn   | Place    | Note
-------+----------+-------------------------------------------
     0 | D:1      | dolemite99 the Hill Orc Fighter began the quest for the
                  | Orb.
     0 | D:1      | Reached XP level 1. HP: 19/19 MP: 1/1
    45 | D:1      | Found a faded altar of an unknown god.
    62 | D:1      | Prayed at the altar of an unknown god.
    62 | D:1      | Became a worshipper of Warmaster Okawaru
    62 | D:1      | Reached * piety under Okawaru
    83 | D:1      | Reached skill level 3 in Axes
   253 | D:1      | Reached XP level 2. HP: 24/26 MP: 2/2
   444 | D:1      | Reached skill level 4 in Axes
   749 | D:1      | Reached XP level 3. HP: 31/31 MP: 3/3
   862 | D:1      | Reached skill level 5 in Axes
  1347 | D:2      | Identified 3 scrolls of acquirement
  1349 | D:2      | Acquired the +2 pair of boots "Deileu" {Dex+5}
  1356 | D:2      | Acquired the +0 helmet "Wetteteh" {rN+ rCorr Int+2}
  1363 | D:2      | Acquired the +4 hat "Maoxze" {rElec SInv}
  1625 | D:2      | Noticed Jessica
  1633 | D:2      | Killed Jessica
  1634 | D:2      | Reached skill level 6 in Axes
  1634 | D:2      | Reached XP level 4. HP: 22/39 MP: 4/4
  2215 | D:3      | Reached XP level 5. HP: 45/45 MP: 5/5
  2621 | D:3      | Reached skill level 7 in Axes
  2916 | D:3      | Reached skill level 8 in Axes
  2916 | D:3      | Reached XP level 6. HP: 27/51 MP: 6/6
  3410 | D:4      | Noticed a black bear
  3420 | D:4      | Killed a black bear
  3749 | D:4      | Reached skill level 9 in Axes
  3801 | D:4      | Noticed Edmund
  3846 | D:4      | Killed Edmund
  3847 | D:4      | Reached skill level 10 in Axes
  3847 | D:4      | Reached XP level 7. HP: 44/57 MP: 3/7
  4181 | D:4      | Reached skill level 11 in Axes
  4630 | D:4      | Reached XP level 8. HP: 64/64 MP: 5/8
  4773 | D:5      | Entered Level 5 of the Dungeon
  5046 | D:5      | Reached skill level 12 in Axes
  5719 | D:5      | Found a snail-covered altar of Cheibriados.
  5890 | D:6      | Reached skill level 13 in Axes
  6271 | D:6      | Reached ** piety under Okawaru
  6491 | D:6      | Reached skill level 14 in Axes
  6698 | D:6      | Reached XP level 9. HP: 70/70 MP: 6/9
  7158 | D:6      | Reached skill level 15 in Axes
  7426 | D:6      | Found a staircase to the Ecumenical Temple.
  7904 | D:7      | Reached skill level 16 in Axes
  8412 | D:8      | Reached skill level 5 in Shields
  8443 | D:8      | Noticed Amaemon
  8444 | D:8      | Noticed an orange demon
  8456 | D:8      | Killed Amaemon
  8456 | D:8      | Reached *** piety under Okawaru
  8457 | D:8      | Reached XP level 10. HP: 57/77 MP: 8/10
  8469 | D:8      | Killed an orange demon
  8869 | D:8      | Noticed a rakshasa
  8873 | D:8      | Noticed a centaur warrior
  8884 | D:8      | Noticed an eight-headed hydra
  8886 | D:8      | Noticed a green ugly thing
  8895 | D:8      | Found a glowing silver altar of Zin.
  8914 | D:8      | HP: 3/77 [efreet/+2 scimitar of flaming (3)]
  8915 | D:8      | Killed from afar by an efreet

Illustrated notes

Levels and vault maps discovered:
D:1:      heliophobic_arrival_henge, layout_basic,
          ebering_ecumenical_altar_petrified
D:2:      layout_basic, uniq_jessica
D:3:      minmay_diamond_boxcup, layout_rooms
D:4:      layout_rooms, kennysheep_opposing_triangles, uniq_edmund
D:5:      layout_basic, slow_altar_2
D:6:      layout_layer_cave, minmay_temple_entry_glassed_door,
          hangedman_glass_teeth
D:7:      layout_cave_pools
D:8:      minmay_diamond_stairs, layout_cave_pods,
          mainiacjoe_overflow_boulevard, serial_bayou_pond_d, amethyst_killhole,
          st_stairs_11, uniq_amaemon

Skill      XL: |  1  2  3  4  5  6  7  8  9 10 |
---------------+-------------------------------+-----
Axes           | 3 4 6 8 10 11 14 16 | 16.1
Shields        | 7 8 |  8.8
Fighting       | |  3.6
Armour         | |  3.2

Action                   |  1- 3 |  4- 6 |  7- 9 | 10-12 || total
-------------------------+-------+-------+-------+-------++-------
Melee: War axe           |    95 |    51 |   329 |    17 ||   492
       Spear             |       |    85 |       |       ||    85
       Demon whip        |       |       |       |    17 ||    17
Throw: Stone             |     4 |    43 |    74 |     1 ||   122
Invok: Heroism           |       |     5 |    24 |     3 ||    32
  Use: Scroll            |    12 |       |     9 |     1 ||    22
       Potion            |       |       |     1 |     4 ||     5
Armor: Scale mail        |    25 |       |       |       ||    25
       Chain mail        |    41 |    93 |   101 |       ||   235
       Plate armour      |       |       |    92 |    29 ||   121
Dodge: Dodged            |    51 |    51 |   101 |    16 ||   219
Block: Buckler           |    20 |    30 |    75 |    12 ||   137

Table legend: (Time is in decaauts)
 A = Elapsed time spent in this place.
 B = Non-inter-level travel time spent in this place.
 C = Inter-level travel time spent in this place.
 D = Time resting spent in this place.
 E = Time spent auto-exploring this place.
 F = Levels seen in this place.
 G = Mean time per level.
                   A        B        C        D        E       F      G
               +--------+--------+--------+--------+--------+-----+--------+
         Total |   8884 |   8628 |    256 |   2073 |   4685 |   8 | 1110.5 |
       Dungeon |   8884 |   8628 |    256 |   2073 |   4685 |   8 | 1110.5 |
               +--------+--------+--------+--------+--------+-----+--------+

Top non-repeatable levels by time:
     D:3: 1629 daAuts
     D:6: 1599 daAuts
     D:5: 1210 daAuts
     D:4: 1183 daAuts
     D:1: 1169 daAuts
     D:2: 809 daAuts
     D:7: 648 daAuts
     D:8: 635 daAuts
